 Dungeon Crawl Stone Soup version 0.27.1-2-g3b301248ec (webtiles) character file.

Game seed: 14248994148456848240

36 Borgoz the Skirmisher (level 3, -8/24 HPs)
             Began as a Gargoyle Berserker on Sept 26, 2021.
             Was a Believer of Trog.
             Mangled by Sigmund (10 damage)
             ... on level 2 of the Dungeon.
             The game lasted 00:00:52 (1289 turns).

Borgoz the Skirmisher (Gargoyle Berserker)          Turns: 1289, Time: 00:00:52

Health: -8/24      AC:  5    Str: 21    XL:     3   Next: 37%
Magic:  3/3        EV: 12    Int:  7    God:    Trog [**....]
Gold:   67         SH:  0    Dex:  9    Spells: 2/2 levels left

rFire    . . .     SeeInvis .   a - +0 mace
rCold    + . .     Faith    .   (no shield)
rNeg     + . .     Spirit   .   b - +0 animal skin
rPois    ∞         Reflect  .   (no helmet)
rElec    +         Harm     .   (no cloak)
rCorr    .         Rampage  .   (no gloves)
Will     .....                  (no boots)
Stlth    +.........             (no amulet)
HPRegen  0.08/turn              h - ring of protection from cold
MPRegen  0.08/turn              (no ring)

@: on berserk cooldown, slowed, very slow
A: sickness immunity, AC +3, negative energy resistance 1, electricity
resistance, torment resistance 1, petrification resistance
a: Renounce Religion, Berserk, Trog's Hand


You were on level 2 of the Dungeon.
You worshipped Trog.
Trog was pleased with you.
You visited 1 branch of the dungeon, and saw 2 of its levels.

You collected 67 gold pieces.

Inventory:

Hand Weapons
 a - a +0 mace (weapon)
Armour
 b - a +0 animal skin (worn)
Jewellery
 h - a ring of protection from cold (left hand)
Scrolls
 d - a scroll of amnesia {unknown}
 e - a scroll of vulnerability {unknown}
 f - 2 scrolls of identify {unknown}
Potions
 c - a potion of magic {unknown}
 g - a potion of curing {unknown}


   Skills:
 * Level 3.7 Fighting
 * Level 3.4 Maces & Flails
 * Level 2.9 Armour
 + Level 1.8 Dodging


You had 2 spell levels left.
You didn't know any spells.
Your spell library was empty.

Dungeon Overview and Level Annotations

Branches:
Dungeon (2/15)

Altars:

Annotations:
D:2 Sigmund


Innate Abilities, Weirdness & Mutations

You are immune to sickness and miasma.
Your stone body is resilient. (AC +3)
You are immune to poison.
You resist negative energy. (rN+)
You are resistant to electric shocks. (rElec)
You are resistant to unholy torment.
You are immune to petrification.


Message History

Sigmund barely misses you.
You thump Sigmund!
Sigmund is heavily wounded.
You sock Sigmund!
Sigmund is severely wounded.
Sigmund gestures wildly while chanting.
Sigmund flickers and vanishes!
Deactivating autopickup; reactivate with Ctrl-A.
No target in view!
No target in view!
No target in view!
No target in view!
No target in view!
No target in view!
No target in view!
No target in view!
No target in view!
No target in view!
You closely miss something.
You hear some strange, mumbled words.
You are confused.
You miss something.
You bump into the rock wall.
Something hits you but does no damage.
You bump into the rock wall.
You feel a strong urge to attack something.
You're too confused to move!
You are no longer berserk.
You are exhausted.
You feel yourself slow down. Something hits you.
You completely miss something.
You hear some strange, mumbled words.
A magic dart appears from out of thin air!
The magic dart hits you!
* * * LOW HITPOINT WARNING * * *
Found a leather armour and 22 arrows.
You feel less confused.
You hear some strange, mumbled words.
Something tries to affect you, but you resist.
Something hits you!
You die...

....## ##### .# #
###.#####. # ######
#......... # #....#
#......... # #....#
#......... #####....####
#.........
............###.{.......
#####....##..##.@..(..$.
# #....###.##......... #
#.†.........#.###### #
#...........#.# #
#...........#.# #
#....####+###[# ######
(# .#


There were no monsters in sight!

Vanquished Creatures
  A dart slug (D:1)
  4 bats (D:1)
  3 endoplasms (D:1)
  A giant cockroach (D:1)
  2 goblins
  3 hobgoblins
  6 jackals
  2 ball pythons (D:1)
  A frilled lizard (D:1)
  2 kobolds (D:1)
  4 rats (D:1)
29 creatures vanquished.

Notes
Turn   | Place    | Note
-------+----------+-------------------------------------------
     0 | D:1      | Borgoz the Gargoyle Berserker began the quest for the Orb.
     0 | D:1      | Reached XP level 1. HP: 14/14 MP: 1/1
   185 | D:1      | Reached XP level 2. HP: 11/19 MP: 2/2
   729 | D:1      | Reached XP level 3. HP: 23/23 MP: 3/3
  1016 | D:1      | Reached ** piety under Trog
  1274 | D:2      | Noticed Sigmund
  1289 | D:2      | Mangled by Sigmund

Illustrated notes

Levels and vault maps discovered:
D:1:      saegor_arrival_miasma, layout_basic
D:2:      layout_basic, ebering_ecumenical_altar_hall, serial_rivers,
          chequers_serial_rivers_micro_a, chequers_serial_rivers_micro_c,
          chequers_serial_rivers_micro_a, chequers_serial_rivers_room_b,
          uniq_sigmund

Action                   || total
-------------------------++-------
Melee: Mace              ||    95
Invok: Berserk           ||     2
Armor: Animal skin       ||    44
Dodge: Dodged            ||    68
